[Event "Titled Tuesday Blitz December 20 Late 2022"]
[White "Akrakan"]
[Black "Novik, Maxim"]
[BlackFideId "4102924"]
[WhiteElo "2094"]
[BlackElo "2291"]
[Result "0-1"]
[Round "01"]
[TimeControl "180+1"]
[Date "2022.12.21"]
[WhiteClock "0:00:15"]
[BlackClock "0:00:47"]

1. e4 c6 2. Nc3 d5 3. Qf3 dxe4 4. Nxe4 Nd7 5. Ne2 Ngf6 6. N2c3 g6 7. d4 Bg7 8. Bd3 O-O 9. O-O Nxe4 10. Qxe4 e5 11. dxe5 Nxe5 12. Rd1 Bf5 13. Qe2 Nxd3 14. cxd3 Re8 15. Qf3 Qd7 16. Bf4 Bg4 17. Qg3 Bxd1 18. Rxd1 Rad8 19. h4 h5 20. Rd2 Qg4 21. Qxg4 hxg4 22. Ne4 f5 23. Nc5 b6 24. Nb3 c5 25. g3 Rd5 26. Bg5 Re1+ 27. Kg2 Rb1 28. Re2 Kf7 29. Re7+ Kg8 30. Re8+ Kh7 31. Re7 Kg8 32. Re8+ Kf7 33. Re7+ Kf8 34. Rxa7 Rxb2 35. Ra8+ Kf7 36. Ra7+ Kg8 37. Ra8+ Kh7 38. Ra7 Rd6 39. Nd2 Re6 40. Nc4 Rb1 41. Ne3 b5 42. Nd5 Ree1 43. Nf6+ Kh8 44. Ra8+ Bf8 45. Rxf8+ Kg7 46. Bh6+ Kxh6 47. Nxg4+ fxg4 48. f4 Re2# 0-1


[Site "https://www.chess.com"]

[Event "Titled Tuesday Blitz December 20 Late 2022"]
[White "Alex_Sahakyan2006"]
[Black "Shapiro, Daniel"]
[BlackFideId "2001780"]
[WhiteElo "2621"]
[BlackElo "2338"]
[Result "1-0"]
[Round "01"]
[TimeControl "180+1"]
[Date "2022.12.21"]
[WhiteClock "0:00:36"]
[BlackClock "0:00:12"]

1. c4 e5 2. Nc3 Nf6 3. Nf3 Nc6 4. e4 Bc5 5. Nxe5 Nxe5 6. d4 Bb4 7. dxe5 Nxe4 8. Qd4 f5 9. exf6 O-O 10. fxg7 Rf7 11. Be3 Qe7 12. c5 Bxc3+ 13. bxc3 Nxf2 14. Bc4 Nxh1 15. Kd2 d5 16. cxd6 cxd6 17. Qd5 Bd7 18. Rf1 Be8 19. Rxh1 Kxg7 20. Bd4+ Kf8 21. Re1 Qc7 22. Bb3 Bc6 23. Qh5 d5 24. Qh6+ Kg8 25. Qg5+ Kf8 26. Bc5+ 1-0


[Site "https://www.chess.com"]

[Event "Titled Tuesday Blitz December 20 Late 2022"]
[White "Alfaro, William"]
[Black "Bilan, Danila"]
[WhiteFideId "6100457"]
[BlackFideId "24161918"]
[WhiteElo "2096"]
[BlackElo "2182"]
[Result "0-1"]
[Round "01"]
[TimeControl "180+1"]
[Date "2022.12.21"]
[WhiteClock "0:00:30"]
[BlackClock "0:00:05"]

1. Nf3 d5 2. g3 Nf6 3. Bg2 Bf5 4. O-O e6 5. d3 h6 6. Nbd2 c6 7. Re1 Nbd7 8. e4 Bh7 9. Qe2 Bc5 10. h4 dxe4 11. dxe4 Ng4 12. Rf1 O-O 13. Nb3 Bb6 14. Bd2 Qc7 15. Rad1 Rad8 16. Bf4 e5 17. Bc1 Ngf6 18. Nh2 Rfe8 19. a4 Nf8 20. Ng4 N8d7 21. Bd2 a5 22. Bc3 Bg6 23. Bf3 Nxg4 24. Bxg4 Nf6 25. Bf3 Nd7 26. Kg2 Nc5 27. Qc4 Nxb3 28. cxb3 Rxd1 29. Rxd1 Kh8 30. b4 axb4 31. Bxb4 f6 32. Bg4 Rd8 33. Rxd8+ Qxd8 34. h5 Bh7 35. Bc5 Bxc5 36. Qxc5 Bxe4+ 37. Kh3 f5 38. Be2 Bd5 39. a5 f4 40. gxf4 exf4 41. Bg4 Qe8 42. Qd6 Qe4 43. Qf8+ Bg8 44. b4 Qh1# 0-1


[Site "https://www.chess.com"]

[Event "Titled Tuesday Blitz December 20 Late 2022"]
[White "Altman, Joshua"]
[Black "monkins"]
[WhiteFideId "426210"]
[WhiteElo "2028"]
[BlackElo "2221"]
[Result "0-1"]
[Round "01"]
[TimeControl "180+1"]
[Date "2022.12.21"]
[WhiteClock "0:00:44"]
[BlackClock "0:00:05"]

1. d4 Nf6 2. c4 c5 3. d5 b5 4. cxb5 a6 5. bxa6 Bxa6 6. Nc3 g6 7. e4 Bxf1 8. Kxf1 d6 9. Nge2 Bg7 10. h3 O-O 11. Kg1 Na6 12. Kh2 Qc7 13. Be3 Rfb8 14. Qd2 Nd7 15. Rab1 Ne5 16. b3 c4 17. f4 Nd3 18. Rhd1 Nab4 19. Nd4 cxb3 20. Rxb3 Nc5 21. Rb2 Qd7 22. Rdb1 Nba6 23. Rxb8+ Rxb8 24. Rxb8+ Nxb8 25. Qb2 Nba6 26. Qb6 f5 27. exf5 Bf6 28. Ne6 Bxc3 29. fxg6 hxg6 30. Qb1 Nxe6 31. dxe6 Qxe6 32. Qd3 Bg7 33. Bf2 Qxa2 34. Bg3 Nc5 35. Qxg6 Qe6 36. Qg4 Qxg4 37. hxg4 Kf7 38. f5 Be5 39. Kg1 Bxg3 40. Kf1 Be5 41. Ke2 Kf6 42. Kf3 Nd7 43. Ke4 Ba1 44. Kd5 Ne5 45. g5+ Kxf5 46. g6 Nxg6 47. g4+ Kxg4 48. Ke6 Kf4 49. Kf7 d5 50. Kxg6 d4 51. Kf7 d3 52. Kxe7 d2 53. Kf7 d1=Q 54. Kg6 Qd4 55. Kh5 Qh8+ 56. Kg6 Qg7+ 57. Kh5 Qh7# 0-1


[Site "https://www.chess.com"]

[Event "Titled Tuesday Blitz December 20 Late 2022"]
[White "Andreikin, Dmitry"]
[Black "Bellissimo, Joseph F."]
[WhiteFideId "4158814"]
[BlackFideId "2609843"]
[WhiteElo "2735"]
[BlackElo "2103"]
[Result "1-0"]
[Round "01"]
[TimeControl "180+1"]
[Date "2022.12.20"]
[WhiteClock "0:01:05"]
[BlackClock "0:00:02"]

1. d4 Nf6 2. c4 e6 3. Nf3 d5 4. Nc3 Be7 5. Bf4 a6 6. e3 dxc4 7. a4 b6 8. Bxc4 Bb7 9. Qe2 Bb4 10. O-O Bxc3 11. bxc3 Ne4 12. Rfc1 Nd7 13. Ne5 O-O 14. f3 Nd6 15. Bd3 Nxe5 16. Bxe5 f6 17. Bg3 Re8 18. e4 e5 19. d5 c5 20. dxc6 Bxc6 21. Bf2 b5 22. axb5 axb5 23. Bc5 Rxa1 24. Rxa1 Nb7 25. Bb4 Qb6+ 26. Qf2 Qc7 27. Ra6 Rd8 28. Bc2 Qd7 29. h3 h6 30. Kh2 Nd6 31. Qc5 Nxe4 32. Qxc6 1-0


[Site "https://www.chess.com"]

[Event "Titled Tuesday Blitz December 20 Late 2022"]
[White "Andrews, Todd"]
[Black "Megalios, Konstantinos"]
[WhiteFideId "2012456"]
[BlackFideId "4238044"]
[WhiteElo "2319"]
[BlackElo "2277"]
[Result "1/2-1/2"]
[Round "01"]
[TimeControl "180+1"]
[Date "2022.12.21"]
[WhiteClock "0:00:52"]
[BlackClock "0:00:17"]

1. e4 c5 2. Nf3 d6 3. d3 g6 4. g3 Bg7 5. Bg2 Nc6 6. O-O e5 7. Nc3 Nge7 8. Nd2 O-O 9. Nc4 Be6 10. Nd5 b5 11. Nce3 b4 12. a3 a5 13. Nc4 Bxd5 14. exd5 Nd4 15. axb4 cxb4 16. c3 Nb5 17. Bd2 bxc3 18. bxc3 e4 19. dxe4 Nxc3 20. Qe1 Rc8 21. Bxc3 Rxc4 22. Bxg7 Kxg7 23. Qxa5 Qxa5 24. Rxa5 Rb8 25. Ra6 Nc8 26. Rd1 Rb2 27. Rc6 Rbc2 28. Rxc4 Rxc4 29. e5 Kf8 30. Bh3 dxe5 31. d6 Nxd6 32. Rxd6 Ke7 33. Rd7+ Kf6 34. Kg2 g5 35. Ra7 g4 36. Bxg4 Rxg4 37. Ra6+ Kg7 38. Kf3 Rd4 39. h4 h5 40. Ke3 f6 41. f4 Rb4 42. fxe5 fxe5 43. Re6 Rg4 44. Kf3 Kf7 45. Rxe5 Kg6 46. Re6+ Kg7 47. Rb6 Rc4 48. Rb3 Rd4 49. Re3 Kg6 50. Re4 Rd3+ 51. Kf4 Ra3 52. Re6+ Kh7 53. Re5 Kg6 54. Re6+ Kh7 55. Rf6 Kg7 56. Rf5 Kg6 57. Rg5+ Kh6 58. Rb5 Kg6 59. Rb6+ Kh7 60. Re6 Kg7 61. Kg5 Rxg3+ 62. Kxh5 Kh7 63. Re7+ Kh8 64. Kh6 Rg1 65. Re8+ Rg8 66. Re7 Rg1 67. h5 Rg2 68. Rh7+ Kg8 69. Rd7 Kh8 70. Rd8+ Rg8 71. Rd6 Rg1 72. Rg6 Ra1 73. Re6 Ra8 74. Re7 Ra6+ 75. Kg5 Rb6 76. h6 Rb1 77. Kg6 Rg1+ 78. Kf6 Rf1+ 79. Kg5 Rg1+ 80. Kh5 Rh1+ 81. Kg6 Rg1+ 82. Kf7 Rf1+ 83. Ke8 Rh1 84. h7 Rxh7 85. Rxh7+ Kxh7 1/2-1/2


[Site "https://www.chess.com"]

[Event "Titled Tuesday Blitz December 20 Late 2022"]
[White "Araujo Sanchez, Josue"]
[Black "Rian, Kapriaga"]
[WhiteFideId "6416896"]
[BlackFideId "7103263"]
[WhiteElo "2370"]
[BlackElo "2322"]
[Result "1-0"]
[Round "01"]
[TimeControl "180+1"]
[Date "2022.12.21"]
[WhiteClock "0:00:40"]
[BlackClock "0:00:04"]

1. e4 c6 2. d4 d5 3. e5 c5 4. dxc5 e6 5. Be3 Nh6 6. c3 Nf5 7. Bd4 Nc6 8. Nf3 Bd7 9. Bd3 Nfxd4 10. cxd4 b6 11. O-O bxc5 12. dxc5 Bxc5 13. Nbd2 Be7 14. Rc1 O-O 15. Bb1 Rc8 16. a3 Qb6 17. Nb3 g6 18. h4 Rc7 19. Rc3 Rfc8 20. h5 a5 21. hxg6 hxg6 22. Qd2 a4 23. Nc1 Na5 24. Rxc7 Rxc7 25. Qh6 Be8 26. Nd3 Nc4 27. Nf4 Qxb2 28. Nxg6 fxg6 29. Bxg6 Bxg6 30. Qxg6+ Kf8 31. Qxe6 Qb5 32. Qf5+ Ke8 33. Rb1 Qd7 34. e6 Qc8 35. Qf7+ Kd8 36. Qg8+ Bf8 37. Qxf8# 1-0


[Site "https://www.chess.com"]

[Event "Titled Tuesday Blitz December 20 Late 2022"]
[White "ArchibaldCerveza29"]
[Black "Donchenko, Alexander"]
[BlackFideId "24603295"]
[WhiteElo "2446"]
[BlackElo "2581"]
[Result "0-1"]
[Round "01"]
[TimeControl "180+1"]
[Date "2022.12.21"]
[WhiteClock "0:00:18"]
[BlackClock "0:02:09"]

1. d4 Nf6 2. c4 e6 3. Nf3 d5 4. Nc3 Bb4 5. cxd5 exd5 6. a3 Bxc3+ 7. bxc3 O-O 8. Qc2 c5 9. e3 Ne4 10. Be2 Bf5 11. Qb2 Qb6 12. O-O Nc6 13. Rd1 Rfd8 14. Nh4 Be6 15. f3 Nd6 16. g3 Na5 17. Ng2 Nac4 18. Qa2 cxd4 19. cxd4 Rac8 20. Nf4 Nf5 21. Kf2 Re8 22. Rb1 Qd6 23. g4 Nfxe3 24. Bxe3 Nxe3 25. Kxe3 Bxg4+ 26. Kf2 Qxf4 27. Kg2 Bf5 28. Rxb7 Rc2 29. Qxd5 Rexe2+ 30. Kf1 Rf2+ 31. Ke1 Rce2# 0-1


[Site "https://www.chess.com"]

[Event "Titled Tuesday Blitz December 20 Late 2022"]
[White "Ardila, Oscar Humberto"]
[Black "Sielecki, Christof"]
[WhiteFideId "4404742"]
[BlackFideId "4620437"]
[WhiteElo "1961"]
[BlackElo "2443"]
[Result "0-1"]
[Round "01"]
[TimeControl "180+1"]
[Date "2022.12.21"]
[WhiteClock "0:00:06"]
[BlackClock "0:00:30"]

1. d4 Nf6 2. c4 g6 3. Nc3 Bg7 4. Nf3 d6 5. e3 O-O 6. Be2 c5 7. O-O Nc6 8. d5 Na5 9. Bd2 e6 10. e4 Re8 11. Bd3 a6 12. a4 exd5 13. cxd5 Bg4 14. h3 Bxf3 15. Qxf3 Nb3 16. Rad1 Nxd2 17. Rxd2 Nd7 18. Qg3 Ne5 19. Be2 g5 20. f4 gxf4 21. Rxf4 Qe7 22. Bh5 Ng6 23. Rg4 Qe5 24. Rg5 Qxg3 25. Rxg3 Be5 26. Rg4 Rab8 27. h4 b5 28. axb5 axb5 29. Bxg6 hxg6 30. h5 Kg7 31. hxg6 fxg6 32. Ne2 Rf8 33. Ng3 Ra8 34. Nf5+ Kf6 35. Ng3 Ra1+ 36. Kf2 Ke7+ 37. Ke2 Rg1 38. Kd3 c4+ 39. Kc2 b4 40. Re2 b3+ 41. Kd2 Bxb2 42. Rxg6 c3+ 43. Kd3 c2 44. Rxc2 bxc2 45. Kxc2 Be5 46. Nf5+ Kd7 47. g4 Ra8 48. Rh6 Ra2+ 49. Kb3 Rb2+ 50. Ka3 Ra1# 0-1


[Site "https://www.chess.com"]

[Event "Titled Tuesday Blitz December 20 Late 2022"]
[White "Bach, Matthias"]
[Black "Richter, Paul"]
[WhiteFideId "4603168"]
[BlackFideId "2046350"]
[WhiteElo "2165"]
[BlackElo "2577"]
[Result "1-0"]
[Round "01"]
[TimeControl "180+1"]
[Date "2022.12.21"]
[WhiteClock "0:01:05"]
[BlackClock "0:00:03"]

1. d4 Nf6 2. c4 g6 3. Nc3 Bg7 4. e4 d6 5. f4 O-O 6. Nf3 c5 7. d5 e6 8. Be2 exd5 9. cxd5 Bg4 10. e5 dxe5 11. fxe5 Nfd7 12. e6 fxe6 13. O-O Nf6 14. Ng5 Bxe2 15. Qxe2 exd5 16. Qe6+ Kh8 17. Nf7+ Rxf7 18. Qxf7 d4 19. Nb5 Nbd7 20. Nd6 Ne5 21. Qe6 Nfd7 22. Rf7 Qg8 23. Bg5 Nf8 24. Qe7 Nc6 25. Qxb7 Rb8 26. Qxc6 Rxb2 27. Raf1 Ne6 28. Rxg7 Nxg7 29. Nf7+ 1-0


[Site "https://www.chess.com"]

[Event "Titled Tuesday Blitz December 20 Late 2022"]
[White "Baches Garcia, Guillermo"]
[Black "Grigoriants, Sergey"]
[WhiteFideId "2209764"]
[BlackFideId "4130804"]
[WhiteElo "2470"]
[BlackElo "2502"]
[Result "1/2-1/2"]
[Round "01"]
[TimeControl "180+1"]
[Date "2022.12.20"]
[WhiteClock "0:00:18"]
[BlackClock "0:00:10"]

1. e4 c5 2. Nf3 e6 3. c4 Nc6 4. Nc3 Nd4 5. d3 Ne7 6. g3 Nxf3+ 7. Qxf3 Nc6 8. Bg2 g6 9. Be3 d6 10. h4 h5 11. Bg5 Be7 12. Bxe7 Qxe7 13. O-O-O Bd7 14. Ne2 Ne5 15. Qf4 Rb8 16. b3 b5 17. Qd2 O-O 18. f4 Ng4 19. Rhf1 a5 20. Qxa5 Ne3 21. Bf3 b4 22. e5 d5 23. cxd5 exd5 24. Kb2 Bb5 25. d4 cxd4 26. Rh1 Bxe2 27. Bxe2 Nxd1+ 28. Rxd1 Rfc8 29. Qxd5 Qc7 30. Bc4 Rd8 31. Qe4 Kg7 32. Rxd4 Rxd4 33. Qxd4 Qb6 34. Qd7 Qf2+ 35. Kb1 Qe1+ 36. Kb2 Qc3+ 37. Kb1 Rf8 38. e6 Qe1+ 39. Kb2 Qc3+ 40. Kb1 Qe1+ 41. Kb2 Qxg3 42. e7 Qc3+ 43. Kb1 Qe1+ 44. Kb2 Qc3+ 45. Kb1 Qe1+ 46. Kb2 Qc3+ 1/2-1/2


[Site "https://www.chess.com"]

[Event "Titled Tuesday Blitz December 20 Late 2022"]
[White "Barria Zuniga, Daniel"]
[Black "Myers, Dominique"]
[WhiteFideId "3400816"]
[BlackFideId "2041715"]
[WhiteElo "2414"]
[BlackElo "1953"]
[Result "1-0"]
[Round "01"]
[TimeControl "180+1"]
[Date "2022.12.21"]
[WhiteClock "0:00:49"]
[BlackClock "0:01:53"]

1. d4 Nf6 2. c4 c5 3. d5 b5 4. Qc2 bxc4 5. e4 d6 6. Bxc4 Nbd7 7. Nc3 g6 8. Nf3 Bg7 9. O-O O-O 10. h3 Rb8 11. Bf4 Nb6 12. Be2 Nfd7 13. Rad1 Qc7 14. Rfe1 a5 15. Bb5 Qa7 16. a4 Ba6 17. e5 dxe5 18. Nxe5 Nxe5 19. Bxe5 Bxe5 20. Rxe5 Qc7 21. Rde1 Bxb5 22. Nxb5 Qd7 23. Nc3 Nc4 24. Rxe7 Rxb2 25. Qxb2 Qxe7 26. Rxe7 Nxb2 27. Ra7 Nc4 28. Rc7 Rd8 29. Rxc5 Nb6 30. Rb5 Nc4 31. Kf1 Rc8 32. Ke2 Nd6 33. Rb3 Rc4 34. Kd3 Rb4 35. Rxb4 axb4 36. Nb5 Nb7 37. Kc4 Kf8 38. Kxb4 Ke7 39. a5 Kd7 40. a6 1-0


[Site "https://www.chess.com"]

[Event "Titled Tuesday Blitz December 20 Late 2022"]
[White "Battlecruiser_Operational"]
[Black "Maksimovic, Bojan"]
[BlackFideId "14408120"]
[WhiteElo "2424"]
[BlackElo "2462"]
[Result "0-1"]
[Round "01"]
[TimeControl "180+1"]
[Date "2022.12.21"]
[WhiteClock "0:00:10"]
[BlackClock "0:00:05"]

1. d4 Nf6 2. c4 g6 3. Nc3 Bg7 4. e4 d6 5. Nf3 O-O 6. Be2 Nbd7 7. O-O e5 8. Be3 c6 9. Qd2 Qe7 10. Bg5 Re8 11. d5 c5 12. a3 a6 13. b4 Qf8 14. Ne1 h6 15. Be3 b6 16. Nd3 Nh7 17. Rab1 f5 18. f4 g5 19. fxg5 f4 20. gxh6 Bxh6 21. Bh5 Re7 22. Qe2 Qg7 23. Bd2 Ndf6 24. Bf3 Ng5 25. bxc5 bxc5 26. Rb6 Nxf3+ 27. Qxf3 Bg4 28. Qf2 Rd8 29. Rfb1 Kh7 30. Rxa6 Qg6 31. Qh4 Bf3 32. Ne1 Bxg2 33. Nxg2 Rg7 34. Qf2 Rdg8 35. Kf1 Nxe4 36. Nxe4 Qxe4 37. Re1 Qxc4+ 38. Qe2 Qxe2+ 39. Rxe2 f3 40. Rf2 Rxg2 41. Rxg2 fxg2+ 42. Kg1 Bxd2 43. Rxd6 Be3# 0-1


[Site "https://www.chess.com"]

[Event "Titled Tuesday Blitz December 20 Late 2022"]
[White "Belenkaya, Dina"]
[Black "Souleidis, Georgios"]
[WhiteFideId "24142654"]
[BlackFideId "4206827"]
[WhiteElo "2209"]
[BlackElo "2401"]
[Result "1-0"]
[Round "01"]
[TimeControl "180+1"]
[Date "2022.12.21"]
[WhiteClock "0:00:11"]
[BlackClock "0:00:06"]

1. Nf3 Nf6 2. g3 g6 3. Bg2 Bg7 4. O-O O-O 5. d3 d5 6. Nbd2 c5 7. e4 Nc6 8. c3 dxe4 9. dxe4 Qc7 10. Qe2 e5 11. Nc4 h6 12. Ne3 Be6 13. Nd2 Rad8 14. b3 a6 15. Ba3 b6 16. Rad1 Rfe8 17. Ndc4 b5 18. Nd5 Qb8 19. Nce3 b4 20. Bb2 bxc3 21. Bxc3 Nd4 22. Qb2 Nxd5 23. exd5 Bd7 24. Nc4 Bb5 25. Rfe1 h5 26. f4 exf4 27. Kf2 fxg3+ 28. hxg3 Qc8 29. Rxe8+ Bxe8 30. Qb1 Qg4 31. Re1 Bd7 32. Qe4 Qg5 33. Qf4 Qxf4+ 34. gxf4 Bg4 35. Ne5 Bf5 36. Bxd4 cxd4 37. Nc6 Rd7 38. Ne7+ Kh7 39. Nxf5 gxf5 40. Rc1 Kg6 41. Rc6+ Bf6 42. Rxa6 Kg7 43. Ke2 h4 44. Kd3 Rd8 45. d6 Kf8 46. Bh3 Kg7 47. Bxf5 Kh6 48. d7 Kg7 49. Rc6 Be7 50. Rc2 Bf6 51. Rg2+ Kf8 52. Re2 Kg7 53. Re8 Kh6 54. Rxd8 Bxd8 55. Kxd4 Kg7 56. Ke5 Kf8 57. Kd6 Be7+ 58. Kc7 1-0


[Site "https://www.chess.com"]

[Event "Titled Tuesday Blitz December 20 Late 2022"]
[White "Berezin, Viktor"]
[Black "Kravtsiv, Martyn"]
[WhiteFideId "14107872"]
[BlackFideId "14113147"]
[WhiteElo "2310"]
[BlackElo "2695"]
[Result "0-1"]
[Round "01"]
[TimeControl "180+1"]
[Date "2022.12.20"]
[WhiteClock "0:00:03"]
[BlackClock "0:00:09"]

1. d4 d5 2. c4 e6 3. Nf3 Nf6 4. g3 Bb4+ 5. Nbd2 O-O 6. Bg2 b6 7. O-O Bb7 8. Qc2 Qc8 9. a3 Be7 10. cxd5 exd5 11. Ne5 c5 12. dxc5 bxc5 13. Ndf3 Nc6 14. Nxc6 Qxc6 15. Bf4 Rfd8 16. Rac1 Qb6 17. Rfd1 a5 18. Be5 Nd7 19. Bf4 Nf8 20. h4 Ne6 21. Bd2 d4 22. h5 h6 23. Bh3 Bd5 24. Ne5 Bb3 25. Qf5 Ng5 26. Bxg5 Bxg5 27. f4 Be7 28. Bg2 Rac8 29. Nc4 Qa6 30. Bd5 Qf6 31. Qxf6 Bxf6 32. Rd3 Rb8 33. Bf3 a4 34. Kf2 Be7 35. e3 Bxc4 36. Rxc4 Rxb2+ 37. Be2 Ra8 38. exd4 cxd4 39. Rdxd4 Re8 40. Kf3 Bf6 41. Re4 Rb3+ 42. Kg4 Rxe4 43. Rxe4 Rxa3 44. Bb5 g6 45. hxg6 fxg6 46. Rxa4 Rc3 47. Ra8+ Kg7 48. Ra7+ Kf8 49. Ra8+ Ke7 50. Re8+ Kf7 51. Ra8 h5+ 52. Kh3 h4 53. Ra7+ Kf8 54. Ra8+ Kg7 55. Ra7+ Kh6 56. Ra6 Rxg3+ 57. Kh2 Kg7 58. Ra7+ Kf8 59. Bc4 Be7 60. Ra8+ Kg7 61. Ra7 Kf6 62. Ra6+ Kf5 63. Re6 Bd8 64. Rd6 Bc7 65. Be6+ Kf6 66. Rc6 Bxf4 67. Bd5+ Kg5 68. Be4 Re3+ 69. Kg2 Rxe4 70. Rc5+ Re5 71. Rc4 Rf5 72. Kh3 Bg3 73. Rg4+ Kh6 74. Rb4 Kh5 75. Rg4 g5 76. Rb4 Rc5 77. Rb7 g4+ 78. Kg2 Rc2+ 79. Kg1 h3 80. Rh7+ Kg6 81. Rf7 Rc1+ 82. Rf1 h2+ 83. Kg2 Rxf1 84. Kxg3 h1=Q 85. Kxg4 Qf3+ 86. Kh4 Rh1# 0-1


[Site "https://www.chess.com"]

[Event "Titled Tuesday Blitz December 20 Late 2022"]
[White "Bernat, David"]
[Black "Rorrer, Grayson"]
[WhiteFideId "2099225"]
[BlackFideId "30944996"]
[WhiteElo "2400"]
[BlackElo "2200"]
[Result "0-1"]
[Round "01"]
[TimeControl "180+1"]
[Date "2022.12.21"]
[WhiteClock "0:00:43"]
[BlackClock "0:00:06"]

1. c4 e5 2. g3 c6 3. Nf3 e4 4. Nd4 d5 5. cxd5 Qxd5 6. Nb3 Nf6 7. Nc3 Qe5 8. Bg2 Bf5 9. O-O Be7 10. d4 exd3 11. exd3 O-O 12. Re1 Qc7 13. Bf4 Bd6 14. Bxd6 Qxd6 15. Ne4 Qd8 16. Qf3 Nxe4 17. dxe4 Bg6 18. Rad1 Qe7 19. Nd4 Nd7 20. Nf5 Bxf5 21. Qxf5 Rad8 22. e5 Nc5 23. b4 Ne6 24. a3 Rd7 25. Rxd7 Qxd7 26. Be4 g6 27. Qf6 Qd8 28. Qxd8 Rxd8 29. b5 cxb5 30. Bxb7 Rd3 31. a4 bxa4 32. Ra1 a3 33. Kf1 Nd4 34. Be4 Rc3 35. Ke1 Kf8 36. Kd2 Rb3 37. Bd5 Rb2+ 38. Kd3 Nc2 39. Rc1 Nb4+ 40. Kc4 a2 41. Be4 Nc2 42. Kc3 Rb1 43. Rxc2 a1=Q+ 44. Kd2 Qd4+ 45. Bd3 Qxf2+ 46. Kc3 Qe1+ 47. Kd4 Qg1+ 48. Ke4 Rb4+ 49. Kd5 Qd4+ 50. Kc6 Qxd3 51. Rc5 Rc4 52. e6 Rxc5+ 53. Kxc5 fxe6 54. g4 Qd5+ 55. Kb4 Qb7+ 56. Ka5 Qb6+ 57. Ka4 a5 0-1


[Site "https://www.chess.com"]

[Event "Titled Tuesday Blitz December 20 Late 2022"]
[White "Bjelobrk, Igor"]
[Black "Haszon, David"]
[WhiteFideId "4300726"]
[BlackFideId "733610"]
[WhiteElo "2335"]
[BlackElo "2210"]
[Result "1-0"]
[Round "01"]
[TimeControl "180+1"]
[Date "2022.12.21"]
[WhiteClock "0:00:34"]
[BlackClock "0:00:35"]

1. Nf3 c5 2. g3 Nc6 3. c4 g6 4. Nc3 Bg7 5. Bg2 d6 6. O-O Nf6 7. d4 O-O 8. dxc5 dxc5 9. Bf4 Be6 10. Ne5 Qc8 11. Nxc6 bxc6 12. b3 Nh5 13. Bd2 Rd8 14. Qc1 Bh3 15. Rb1 Nf6 16. Na4 Bxg2 17. Kxg2 Qf5 18. Be3 Nd7 19. Rd1 Be5 20. Qd2 Bd6 21. Qd3 Qe6 22. Qc2 f6 23. Rd2 Kf7 24. Rbd1 Rab8 25. Qc3 h5 26. h4 Qe4+ 27. f3 Qe6 28. Bf2 Rb4 29. Qc2 Rg8 30. Rh1 Rg7 31. Rd3 Qf5 32. Qd2 Rg8 33. Rxd6 exd6 34. Qxd6 Qe6 35. Qc7 Rxa4 36. bxa4 Re8 37. Rd1 Re7 38. Rd6 Qf5 39. e4 Rxe4 40. Rxd7+ 1-0


[Site "https://www.chess.com"]

[Event "Titled Tuesday Blitz December 20 Late 2022"]
[White "Blanco Acevedo, Cristobal Jose"]
[Black "Eljanov, Pavel"]
[WhiteFideId "3900525"]
[BlackFideId "14102951"]
[WhiteElo "2273"]
[BlackElo "2598"]
[Result "0-1"]
[Round "01"]
[TimeControl "180+1"]
[Date "2022.12.20"]
[WhiteClock "0:00:01"]
[BlackClock "0:00:27"]

1. e4 c6 2. Nc3 d5 3. Nf3 dxe4 4. Nxe4 Nf6 5. Nxf6+ exf6 6. d4 Bd6 7. Bd3 O-O 8. Be3 Re8 9. Qd2 Na6 10. Bxa6 bxa6 11. O-O-O Be6 12. Kb1 Rb8 13. Ka1 Bb4 14. Qd3 Qa5 15. c4 Bf5 16. Qe2 Bc3 17. Rd2 Bxd2 18. Qxd2 Qa4 19. Rc1 Rb4 20. Qc3 Reb8 21. Nd2 Rxb2 22. Qxb2 Rxb2 23. Kxb2 Qb4+ 24. Nb3 a5 25. a3 Qb8 26. Kc3 Qxh2 27. g3 a4 28. Nc5 h5 29. Nxa4 g5 30. d5 cxd5 31. cxd5 h4 32. gxh4 gxh4 33. Nc5 h3 34. f4 Kh7 35. d6 Qg3 36. Kd4 Qg4 37. Rh1 Qg2 38. Rg1 Qb2+ 39. Kd5 h2 40. Re1 Qg2+ 0-1


[Site "https://www.chess.com"]

[Event "Titled Tuesday Blitz December 20 Late 2022"]
[White "Bobadilla Viera, Jorge Samuel"]
[Black "Arnold, Ken"]
[WhiteFideId "3906353"]
[BlackFideId "2056836"]
[WhiteElo "2182"]
[BlackElo "2333"]
[Result "0-1"]
[Round "01"]
[TimeControl "180+1"]
[Date "2022.12.21"]
[WhiteClock "0:01:21"]
[BlackClock "0:01:46"]

1. e4 c5 2. Nf3 d6 3. Nc3 Nf6 4. e5 dxe5 5. Nxe5 Nbd7 6. Nc4 e6 7. d3 Be7 8. g3 Nb6 9. b3 Nbd5 10. Bb2 Nxc3 11. Bxc3 b5 12. Bg2 Nd5 13. Ba5 Qd7 14. Ne5 Qd6 15. Qe2 Bf6 16. f4 Bb7 17. c4 Qa6 18. Bd2 Nb4 19. Bxb7 Qxb7 20. Bxb4 Qxh1+ 21. Kd2 Qxa1 0-1


[Site "https://www.chess.com"]

[Event "Titled Tuesday Blitz December 20 Late 2022"]
[White "Bogaudinov, Rushan"]
[Black "Solon, Nathan"]
[WhiteFideId "4129288"]
[BlackFideId "2017229"]
[WhiteElo "2028"]
[BlackElo "2646"]
[Result "0-1"]
[Round "01"]
[TimeControl "180+1"]
[Date "2022.12.21"]
[WhiteClock "0:00:03"]
[BlackClock "0:00:48"]

1. a3 d5 2. e3 e5 3. Nf3 Bd6 4. c4 c6 5. b4 Nf6 6. Bb2 Qe7 7. Be2 O-O 8. d4 e4 9. Nfd2 Nbd7 10. c5 Bb8 11. Nc3 a6 12. a4 Re8 13. b5 axb5 14. axb5 Rxa1 15. Qxa1 Nf8 16. Na4 Ng6 17. Nb6 Bg4 18. h3 Bxe2 19. Kxe2 Nh4 20. Kf1 Nh5 21. Qd1 g6 22. bxc6 bxc6 23. Qg4 f5 24. Qe2 f4 25. Qg4 fxe3 26. fxe3 Ng3+ 27. Kg1 Nxh1 28. Kxh1 Qc7 29. g3 Nf5 30. Nf1 Nxg3+ 31. Nxg3 Qxg3 32. Qxg3 Bxg3 33. Nd7 Ra8 34. Kg2 Bc7 35. Bc3 Kf7 36. Nb6 Bxb6 37. cxb6 Ra6 38. b7 Rb6 39. Kg3 Rxb7 40. Kf4 Ke6 41. Ba5 Rf7+ 42. Kg4 Rf3 43. Bd2 Kf6 44. Bc1 h5+ 45. Kh4 Kf5 46. Bd2 g5+ 47. Kxh5 Rxh3# 0-1


[Site "https://www.chess.com"]

[Event "Titled Tuesday Blitz December 20 Late 2022"]
[White "Bolanos, Fernando"]
[Black "Czopor, Maciej"]
[WhiteFideId "3304094"]
[BlackFideId "21805431"]
[WhiteElo "2166"]
[BlackElo "2324"]
[Result "0-1"]
[Round "01"]
[TimeControl "180+1"]
[Date "2022.12.21"]
[WhiteClock "0:00:02"]
[BlackClock "0:00:03"]

1. e4 g6 2. d4 Bg7 3. f4 c5 4. Nf3 cxd4 5. Nxd4 Nc6 6. Nb3 d6 7. Bd3 Nf6 8. O-O O-O 9. Kh1 Qc7 10. Nc3 a6 11. Be3 b5 12. Qe2 e6 13. Bg1 Re8 14. Rad1 Bb7 15. Qf2 b4 16. Na4 Nd7 17. h3 a5 18. Bb5 Rab8 19. Qd2 Ba8 20. Qxd6 Qxd6 21. Rxd6 Rxb5 22. Rxd7 Nb8 23. Ra7 Bxe4 24. Rxa5 Rxa5 25. Nxa5 Bxc2 26. b3 Rd8 27. Rc1 Rd2 28. Nc4 Rd1 29. Rxc2 Bd4 30. Ncb2 Rxg1+ 31. Kh2 Rb1 32. Nd3 Nd7 33. Nxb4 h5 34. Nc6 Be3 35. Nc3 Ra1 36. g3 h4 37. Ne4 hxg3+ 38. Kxg3 Rf1 39. Kg2 Rxf4 40. Ng3 Nf6 41. a4 Nd5 42. b4 Nxb4 43. Nxb4 Rxb4 44. Ra2 Kg7 45. a5 f5 46. Kf3 Ba7 47. Ne2 e5 48. a6 g5 49. Kg2 Kf6 50. Nc3 Ke6 51. Ra5 e4 52. Nb5 Bb6 53. a7 Bxa7 54. Nxa7 Rb2+ 55. Kg3 Rb3+ 56. Kg2 Kf6 57. Nc6 Rb2+ 58. Kg3 e3 59. Nd4 f4+ 60. Kg4 Rg2+ 61. Kf3 Rg3+ 62. Ke4 Rxh3 63. Rf5+ Kg6 64. Rf8 Kh5 65. Nf3 Kg4 66. Ne5+ Kg3 67. Rg8 Rh5 68. Nd3 e2 69. Kd4 f3 70. Rf8 g4 71. Ke3 Rh7 72. Kd2 Re7 73. Rf5 Rd7 74. Re5 Rxd3+ 75. Kxd3 Kf2 76. Kd2 g3 77. Re3 g2 0-1


[Site "https://www.chess.com"]

[Event "Titled Tuesday Blitz December 20 Late 2022"]
[White "Boros, Denes"]
[Black "Ferreira, Vitor Hugo Vieira"]
[WhiteFideId "722340"]
[BlackFideId "2119765"]
[WhiteElo "2464"]
[BlackElo "2146"]
[Result "1-0"]
[Round "01"]
[TimeControl "180+1"]
[Date "2022.12.20"]
[WhiteClock "0:00:56"]
[BlackClock "0:00:05"]

1. d4 Nf6 2. Nc3 d5 3. Bf4 a6 4. Nf3 e6 5. e3 c5 6. a3 Bd6 7. dxc5 Bxf4 8. exf4 Qc7 9. g3 Qxc5 10. Bd3 b5 11. O-O Bb7 12. Re1 O-O 13. f5 exf5 14. Bxf5 Nbd7 15. Nd4 Nb6 16. Qd3 Nc4 17. b3 Nxa3 18. Nce2 b4 19. Bh3 Ne4 20. Nf4 Nxc2 21. Qxc2 Qxd4 22. Rad1 Qc3 23. Qe2 Rfd8 24. Rd3 Qf6 25. Bg2 Nc3 26. Qh5 g6 27. Qg4 Bc8 28. Nh5 Qf5 29. Qh4 Be6 30. Nf6+ Kf8 31. Rf3 g5 32. Qh6+ Ke7 33. Rxf5 1-0


[Site "https://www.chess.com"]